Unix NetHack Version 3.7.0-97 Work-in-progress - last build Jan 15 2024 16:18:24 (bf5c21b99e62e8a7a5668a06ec9a5d408df58fe5,branch:master). Game began 2024-01-19 05:05:12, ended 2024-01-19 05:53:19. Arasaka, lawful female human Knight ------------------------ |......................| |.-------------------).| |.| ----- |.---- |.| |...-- --)|..| |.| |....|--|.....| |.| |..%.|..|.....| |.| --0.....|.)..-- |.|------ |...|.......| |.|.....|-- |...|..|....| |.|.....-.| |...|---[)..| |f|.B.d.|-| --..|....[..| |@C:R.oB-h| --.|..0.---- --|.uoo.|-| |.--.--- |....Y+.| |.....| |....$|-- |..|.>| ------- ------- Arasaka the Bachelor St:16 Dx:9 Co:16 In:9 Wi:15 Ch:17 Lawful Dlvl:3 $:295 HP:0(58) Pw:68(68) AC:-6 Xp:8/1764 T:6665 Latest messages: The crossbow bolt hits the gold golem! You hit the gold golem! The gold golem misses! The gold golem misses! The mountain centaur picks up 54 gold pieces. The mountain centaur picks up 19 gold pieces. You hit the gold golem! The gold golem hits! The gold golem misses! The mountain centaur shoots a crossbow bolt! The crossbow bolt hits the gold golem! The winter wolf cub breathes frost! The blast of frost hits the mountain centaur. The blast of frost hits the gold golem! The blast of frost hits you! But it reflects from your armor! The gold golem is destroyed by the blast of frost! The blast of frost hits the mountain centaur. What do you want to wield? [- acwO or ?*] P - a cockatrice corpse (wielded). The Mordor orc throws a knife! The knife misses the vampire bat. The knife misses it. The knife misses the winter wolf cub. The knife hits the kobold. The kobold is killed! The rust monster eats a knife! The rust monster touches you! Your silver dragon scale mail is not affected by oxidation. The rust monster touches you again! Your silver dragon scale mail is not affected by oxidation. You begin bashing monsters with your cockatrice corpse. You hit the rust monster with the cockatrice corpse. The rust monster is slowing down. The rust monster turns to stone. The Mordor orc picks up 141 gold pieces. The mountain centaur picks up 8 rocks. The mountain centaur swings his crossbow. The mountain centaur misses! The mountain centaur kicks! The mountain centaur kicks again! Are you sure you want to pray? [yn] (n) You begin praying to Lugh. The mountain centaur swings his crossbow. The mountain centaur hits! The mountain centaur kicks! The mountain centaur misses! The mountain centaur swings his crossbow. The mountain centaur hits! You die... Inventory: Coins ('$') $ - 295 gold pieces Weapons (')') w - a blessed +1 elven dagger a - the blessed rustproof +1 Excalibur Armor ('[') K - a blessed +1 elven leather helm (being worn) d - an uncursed corroded +0 helmet f - an uncursed +0 pair of leather gloves (being worn) M - an uncursed +0 pair of elven boots E - an uncursed +0 pair of iron shoes e - an uncursed +0 small shield (being worn) L - a blessed +3 silver dragon scale mail (being worn) Comestibles ('%') g - 11 uncursed apples h - 10 uncursed carrots C - 9 uncursed food rations D - an uncursed tin of soup made from rock mole meat P - an uncursed cockatrice corpse (wielded) t - an uncursed lizard corpse named tricebane Scrolls ('?') s - an uncursed scroll of earth v - a cursed scroll of earth Y - an uncursed scroll of enchant armor V - an uncursed scroll of genocide Potions ('!') X - a blessed potion of gain energy U - an uncursed potion of gain energy I - an uncursed potion of hallucination m - an uncursed potion of healing i - an uncursed potion of invisibility Rings ('=') k - an uncursed ring of free action y - an uncursed ring of polymorph control G - an uncursed +2 ring of protection F - an uncursed ring of protection from shape changers A - an uncursed ring of stealth b - an uncursed ring of warning n - an uncursed ring of warning Wands ('/') J - an uncursed wand of cancellation (0:5) o - an uncursed wand of create monster (0:11) B - an uncursed wand of digging (0:6) j - an uncursed wand of digging (0:4) W - an uncursed wand of speed monster (0:4) x - an uncursed wand of striking (0:6) z - an uncursed wand of striking (0:5) Tools ('(') l - an uncursed frost horn (0:4) r - a blessed oil lamp p - an uncursed towel c - an uncursed +0 unicorn horn O - an uncursed +0 unicorn horn Gems/Stones ('*') Z - 2 uncursed worthless pieces of yellowish brown glass Arasaka the Knight's attributes: Background: You were a Bachelor, a level 8 female human Knight. You were lawful, on a mission for Lugh who was opposed by Brigit (neutral) and Manannan Mac Lir (chaotic). You were left-handed. You were in Sokoban, on level 3. You entered the dungeon 6665 turns ago. It was nighttime. You had 1764 experience points, 796 more were needed to attain level 9. Basics: You had 0 out of 58 hit points. You had all 68 energy points (spell power). Your armor class was -6. Your wallet contained 295 zorkmids. Autopickup was on for '$"?' plus thrown, with exceptions. Final Characteristics: Your strength was 16 (limit:18/100). Your dexterity was 9 (limit:18). Your constitution was 16 (limit:18). Your intelligence was 9 (limit:18). Your wisdom was 15 (limit:18). Your charisma was 17 (limit:18). Final Status: You weren't hungry. You were unencumbered. You were wielding a corpse. Final Attributes: You were piously aligned. You were sleep resistant. You were telepathic. You could jump. You were fast. You had reflection. You were unlucky. You are dead. Miscellaneous: You disabled loading of bones levels. Total elapsed playing time was 48 minutes and 4 seconds. Major events: Turn 1: Arasaka the lawful female human Knight entered the dungeon 1434: entered the Gnomish Mines 1632: attained the rank of Esquire (level 3) 2862: made her first wish - "blessed +3 silver dragon scale mail", got "a silver dragon scale mail" 3215: was bestowed with Demonbane by Lugh 3638: endured an absurd aquatic ceremony, and now wields Excalibur 3863: attained the rank of Bachelor (level 6) 4053: entered Sokoban 4754: completed 1st Sokoban level 5513: completed 2nd Sokoban level 5812: completed 3rd Sokoban level 6605: completed 4th Sokoban level 6665: killed by a mountain centaur, while praying Vanquished creatures: 2 giant mimics a warhorse a Grey-elf a cockatrice a wolf a rust monster 2 gold golems 5 Green-elves a lizard a gray unicorn a black unicorn a dust vortex a plains centaur a gnome mummy a snake an imp a quasit a wood nymph an orc shaman 2 rock moles a pony a yellow light a shrieker 2 violet fungi a gray ooze a ghoul a paper golem a giant ant a little dog 2 floating eyes a kitten a dwarf 2 homunculi a kobold shaman 2 rothes 3 giant bats 2 orc zombies a dwarf zombie a wererat a werejackal an iguana an acid blob a coyote a gas spore 2 hobbits 10 manes a hobgoblin 4 giant rats 2 cave spiders a yellow mold a green mold 20 garter snakes 2 geckos 14 jackals 2 foxes 3 kobolds 6 goblins a sewer rat 11 grid bugs 4 lichens 3 kobold zombies 4 newts 149 creatures vanquished. No species were genocided or became extinct. Voluntary challenges: You read items or engraved 9 times. You engraved Elbereth 1 time. You never genocided any monsters. You never polymorphed an object. You never changed form. You used 1 wish. You did not wish for any artifacts. You violated the special Sokoban rules twice. Achievements: You entered a shop. You entered the Gnomish Mines. You attained the rank of Esquire. You attained the rank of Bachelor. You entered Sokoban. The Dungeons of Doom: levels 1 to 9 Level 1: Level 2: An altar to Lugh. Level 3: Stairs down to The Gnomish Mines. Level 4: "vs" Level 5: "v" Level 6: "oracle" Many fountains. Level 7: Stairs up to Sokoban, level 6. Level 8: Level 9: The Gnomish Mines: Level 4: Sokoban: levels 6 up to 3 Level 3: <- You were here. Solved. Final resting place for you, killed by a mountain centaur, while praying. Level 4: Solved. Level 5: Solved. Level 6: Solved. Game over: ---------- / \ / REST \ / IN \ / PEACE \ / \ | Arasaka | | 295 Au | | killed by a | | mountain centaur | | | | | | 2024 | *| * * * | * _________)/\\_//(\/(/\)/\//\/|_)_______ Fare thee well Arasaka the Knight... You died in Sokoban on dungeon level 3 with 7742 points, and 295 pieces of gold, after 6665 moves. You were level 8 with a maximum of 58 hit points when you died.